 Dungeon Crawl Stone Soup version 0.31.0-11-ge490571c62 (webtiles) character file.

Game seed: 17191693881430929355

313 Gadfly the Insei (level 6, -2/47 HPs)
             Began as a Demonspawn Monk on Feb 1, 2024.
             Was a Believer of Nemelex Xobeh.
             Slain by an ogre
             ... wielding a +0 giant club
              (25 damage)
             ... on level 4 of the Dungeon.
             The game lasted 00:04:33 (2387 turns).

Gadfly the Insei (Demonspawn Monk)                  Turns: 2387, Time: 00:04:35

Health: -2/47      AC:  2    Str: 13    XL:     6   Next: 19%
Magic:  8/8        EV: 13    Int: 11    God:    Nemelex Xobeh [**....]
Gold:   55         SH:  5    Dex: 15    Spells: 5/5 levels left

rFire   . . .        b - +2 whip (venom)
rCold   . . .        (no shield)
rNeg    . . .        a - +0 robe
rPois   .            (no helmet)
rElec   .            (no cloak)
rCorr   .            (no gloves)
SInv    .            (no boots)
Will    .....        i - amulet of reflection
Stlth   +            (no ring)
HPRegen 0.27/turn    (no ring)
MPRegen 0.11/turn

%: reflection
@: no status effects
A: claws 2, foul stench 2
a: Renounce Religion, Draw Escape, Draw Destruction, Draw Summoning


You were on level 4 of the Dungeon.
You worshipped Nemelex Xobeh.
Nemelex Xobeh was pleased with you.
You visited 2 branches of the dungeon, and saw 5 of its levels.

You collected 55 gold pieces.

Inventory:

Hand Weapons
 b - a +2 whip of venom (weapon)
 k - a +1 dagger of draining
Armour
 a - a +0 robe (worn)
 c - an orb of light
Jewellery
 i - an amulet of reflection (around neck)
 l - a ring of fire
Talismans
 d - a flux talisman
 j - a serpent talisman
 m - a granite talisman
Scrolls
 h - a scroll of blinking
Potions
 e - a potion of might {unknown}
 f - a potion of ambrosia
 g - a potion of lignification


   Skills:
 + Level 3.0 Fighting
 + Level 3.3 Dodging
 * Level 3.8 Unarmed Combat
 - Level 3.4 Invocations
 * Level 2.7 Evocations
 * Level 2.1 Shapeshifting


You had 5 spell levels left.
You didn't know any spells.
Your spell library contained the following spells:

 Spells                   Type           Power      Damage    Failure   Level
 Scorch                   Fire           0%         2d5       47%         2
 Flame Wave               Conj/Fire      0%         2d4       98%         4
 Summon Cactus Giant      Summ           0%         N/A       100%        6


Dungeon Overview and Level Annotations

Branches:
Dungeon (4/15)             Temple (1/1) D:4

Altars:
Nemelex Xobeh
Okawaru
Ru
Sif Muna
Trog
Wu Jian
Yredelemnul


Innate Abilities, Weirdness & Mutations

You have very sharp fingernails.
You sometimes emit foul miasma when damaged in melee.


Message History

The ogre shouts!
The adder bites you.
You closely miss the adder. The adder misses you.
You hit the adder.
The adder is heavily wounded.
The adder bites you but does no damage. The adder misses you.
You closely miss the adder.
The adder is heavily wounded.
You block the adder's attack.
You miss the adder.
The adder is heavily wounded.
The adder completely misses you. The adder closely misses you.
You closely miss the adder.
The adder is moderately wounded.
The adder closely misses you.
You miss the adder.
The adder is moderately wounded.
The adder bites you but does no damage. The ogre hits you with a +0 giant club!
You closely miss the adder.
The adder is moderately wounded.
You block the adder's attack. The adder bites you.
The ogre hits you with a +0 giant club!
You hit the adder.
The adder is heavily wounded.
The adder bites you.
You are too injured to fight recklessly!
There are monsters nearby!
There are monsters nearby!
There are monsters nearby!
You are too injured to fight recklessly!
You closely miss the adder. Your claw misses the adder.
The adder is heavily wounded.
The adder bites you but does no damage. The ogre closely misses you.
The adder bites you but does no damage.
You closely miss the adder.
The adder is heavily wounded.
The ogre hits you with a +0 giant club!!
Ouch! That really hurt!
You die...
Your body glows slightly and disappears.

.......... ..# ###......
#.# #...... #.# #......
#.# #...... #.# #####
##.###. #.###...#####.#
#. #S##.......##.# #.
#@##.#.8#8.##.###.
######O##.#.#$#...)....
.O)..........8#8...#####
############......##
########


You could see an ogre and an adder.

Vanquished Creatures
  A black bear (D:4)
  A bombardier beetle (D:3)
  2 hounds (D:4)
  An orc wizard (D:2)
  3 adders
  A dart slug (D:1)
  A ribbon worm (D:2)
  3 orcs
  8 endoplasms
  2 giant cockroaches
  11 goblins
  4 hobgoblins
  4 jackals (D:1)
  3 kobolds
  7 ball pythons
  3 bats (D:2)
  2 frilled lizards (D:2)
  2 rats (D:1)
59 creatures vanquished.

Notes
Turn   | Place    | Note
-------+----------+-------------------------------------------
     0 | D:1      | Gadfly the Demonspawn Monk began the quest for the Orb.
     0 | D:1      | Reached XP level 1. HP: 18/18 MP: 1/1
   276 | D:1      | Gained mutation: You may rarely emit foul miasma when
                  | damaged in melee. [demonic ancestry]
   276 | D:1      | Reached XP level 2. HP: 21/24 MP: 2/2
   281 | D:1      | Reached skill level 1 in Invocations
   819 | D:2      | Reached skill level 1 in Evocations
   824 | D:2      | Reached skill level 1 in Shapeshifting
   824 | D:2      | Gained mutation: You have sharp fingernails. [demonic
                  | ancestry]
   824 | D:2      | Reached XP level 3. HP: 9/29 MP: 2/4
  1065 | D:2      | Gained mutation: You sometimes emit foul miasma when
                  | damaged in melee. [demonic ancestry]
  1065 | D:2      | Reached XP level 4. HP: 28/35 MP: 5/5
  1602 | D:3      | Reached XP level 5. HP: 31/41 MP: 6/6
  1681 | D:3      | Found a bloodstained altar of Trog.
  2111 | D:4      | Noticed a black bear
  2112 | D:4      | Found an ornate altar of the Wu Jian Council.
  2122 | D:4      | Killed a black bear
  2123 | D:4      | Gained mutation: You have very sharp fingernails. [demonic
                  | ancestry]
  2123 | D:4      | Reached XP level 6. HP: 35/47 MP: 8/8
  2174 | D:4      | Found a staircase to the Ecumenical Temple.
  2205 | Temple   | Entered the Ecumenical Temple
  2252 | Temple   | Became a worshipper of Nemelex Xobeh the Trickster
  2252 | Temple   | Reached * piety under Nemelex Xobeh
  2252 | Temple   | Received a gift from Nemelex Xobeh
  2252 | Temple   | Reached ** piety under Nemelex Xobeh
  2252 | Temple   | Received a gift from Nemelex Xobeh
  2387 | D:4      | Slain by an ogre

Illustrated notes

Levels and vault maps discovered:
D:1:      amcnicky_arrival_feature_with_door, layout_loops_ring
D:2:      kennysheep_the_goblin_king, layout_rooms
D:3:      layout_basic, mainiacjoe_overflow_six_doors_small,
          hellmonk_ecumenical_altar_heavens_door, minmay_goblin_kobold_house
D:4:      layout_loops_ring, old_standard_altar, minmay_temple_entry_grid,
          serial_aquarium, aquarium_bridge_long_joined
          [aquarium_subvault_bridge, aquarium_subvault_window,
          aquarium_subvault_bridge, aquarium_subvault_window,
          aquarium_subvault_window, aquarium_subvault_bridge],
          aquarium_window_fake, aquarium_window_2, aquarium_view_2b,
          aquarium_pool_2, minmay_statues_item, minmay_misc_feat_room,
          minmay_fractal_squares_5
Temple:   nicolae_temple_little_seven

Skill      XL: |  1  2  3  4  5 |
---------------+----------------+-----
Invocations    | 1 2 3 |  3.4
Evocations     | 1 2 |  2.7
Unarmed Combat | 3 |  3.8
Shapeshifting  | 1 2 |  2.1
Dodging        | 3 |  3.3
Fighting       | |  3.0

Action                     |  1- 3 |  4- 6 || total
---------------------------+-------+-------++-------
  Melee: Unarmed           |    84 |    25 ||   109
         Whip              |       |    65 ||    65
         Punch             |       |     2 ||     2
    Use: Scroll            |     5 |     2 ||     7
 Armour: Robe              |    35 |    53 ||    88
  Dodge: Dodged            |    58 |    39 ||    97
  Block: Other             |       |    13 ||    13
